 Dungeon Crawl Stone Soup version 0.20.1-1-g8b1a95d (webtiles) character file.

149 Britaniac the Skirmisher (level 5, -4/62 HPs)
             Began as an Ogre Hunter on Jan 2, 2018.
             Slain by a scorpion (7 damage)
             ... on level 3 of the Dungeon.
             The game lasted 00:06:21 (3726 turns).

Britaniac the Skirmisher (Ogre Hunter)              Turns: 3726, Time: 00:06:22

Health: -4/62      AC:  3    Str: 17    XL:     5   Next: 31%
Magic:  5/5        EV:  8    Int: 12    God:
Gold:   155        SH:  3    Dex:  9    Spells: 4/4 levels left

rFire    . . .     SeeInvis .   t - +1 club
rCold    . . .     Gourm    .   (no shield)
rNeg     . . .     Faith    .   b - +0 robe
rPois    .         Spirit   .   (helmet restricted)
rElec    .         Reflect  +   (no cloak)
rCorr    .         Harm     .   (gloves unavailable)
MR       .....                  (boots unavailable)
Stlth    ..........             u - +3 amulet of reflection
Regen    0.2/turn               i - ring of loudness (curse)
MPRegen  0.1/turn               h - -2 ring of evasion (curse)

@: lethally poisoned (-4 -> -14)
A: unfitting armour, tough skin 1
a: no special abilities


You were on level 3 of the Dungeon.
You were not hungry.

You visited 1 branch of the dungeon, and saw 3 of its levels.

You collected 155 gold pieces.

Inventory:

Hand Weapons
 t - a +1 club (weapon)
Missiles
 c - 5 large rocks (quivered)
 o - 2 silver tomahawks
Armour
 b - a +0 robe (worn)
Jewellery
 h - a cursed -2 ring of evasion (right hand)
 i - a cursed ring of loudness (left hand)
 n - an uncursed ring of wizardry {unknown}
 u - a +3 amulet of reflection (around neck)
Scrolls
 e - a scroll of teleportation
 m - 2 scrolls of identify
Potions
 g - 2 potions of curing
 k - a potion of degeneration {unknown}
 p - a potion of haste {unknown}
 r - a potion of ambrosia {unknown}
Comestibles
 f - 2 bread rations
 j - 3 fruits
 q - 3 meat rations


   Skills:
 + Level 7.1 Fighting
 - Level 4.0 Throwing
 - Level 1.7 Dodging
 - Level 0.6 Stealth


You had 4 spell levels left.
You didn't know any spells.

Dungeon Overview and Level Annotations

Branches:
Dungeon (3/15)

Altars:


Innate Abilities, Weirdness & Mutations

You are too large for most types of armour.
You have tough skin. (AC +1)


Message History

The scorpion is heavily wounded.
You feel sick. The scorpion stings you!
You hit the scorpion but do no damage.
The scorpion is heavily wounded.
The scorpion stings you. The scorpion stings you!
You closely miss the scorpion.
The scorpion is heavily wounded.
You feel sick. The scorpion stings you!
* * * LOW HITPOINT WARNING * * *
You are more poisoned.
The scorpion poisons you!
You hit the scorpion.
The scorpion is almost dead.
You feel sick. The scorpion stings you!
* * * LOW HITPOINT WARNING * * *
You barely miss the scorpion.
The scorpion is almost dead.
* * * LOW HITPOINT WARNING * * *
You feel sick. You block the scorpion's attack. The scorpion stings you!
You die...

#..##....#.....#.#
#......).#.....#.#
#.....)###.....#.#
#...........##.#.#
##..(.......##.#.#
#.)........##....
######.............#.#
#......#######'###.#.#
#....@.'.............#
#....s.#####...###.###
#......#***#..........
#..!....,,,#........##
#........,,#..........
#.........,#..........
#.........##........))
#.........##..........
******,...............


You could see a scorpion.

Vanquished Creatures
  4 gnolls
  4 adders
  An ooze (D:3)
  2 worms (D:2)
  A dart slug (D:2)
  A leopard gecko (D:2)
  4 orcs (D:3)
  7 bats
  2 giant cockroaches (D:3)
  5 goblins
  6 hobgoblins
  7 jackals
  2 frilled lizards
  7 kobolds
  6 rats
59 creatures vanquished.

Notes
Turn   | Place    | Note
-------+----------+-------------------------------------------
     0 | D:1      | Britaniac the Ogre Hunter began the quest for the Orb.
     0 | D:1      | Reached XP level 1. HP: 22/22 MP: 1/1
     3 | D:1      | Noticed a death yak
     6 | D:1      | Noticed an elephant
    98 | D:1      | Reached skill level 3 in Fighting
   160 | D:1      | Reached XP level 2. HP: 32/32 MP: 2/2
   173 | D:1      | Reached skill level 4 in Fighting
   784 | D:1      | Reached XP level 3. HP: 40/40 MP: 3/3
  1096 | D:2      | You fall through a shaft!
  1150 | D:3      | Reached skill level 5 in Fighting
  2053 | D:2      | Reached XP level 4. HP: 50/50 MP: 4/4
  2555 | D:2      | Reached skill level 6 in Fighting
  3249 | D:3      | Reached XP level 5. HP: 61/61 MP: 5/5
  3430 | D:3      | Reached skill level 7 in Fighting
  3726 | D:3      | HP: 3/62 [poisoned by a scorpion]
  3726 | D:3      | Slain by a scorpion

Skill      XL: |  1  2  3  4  5 |
---------------+----------------+-----
Fighting       | 3 4 5 6 7 |  7.1
Throwing       | |  4.0
Dodging        | |  1.7
Stealth        | |  0.6

Action                   |  1- 3 |  4- 6 || total
-------------------------+-------+-------++-------
Melee: Short sword       |   110 |       ||   110
       Club              |       |   119 ||   119
Throw: Large rock        |     7 |    14 ||    21
  Use: Scroll            |     6 |     3 ||     9
  Eat: Chunk             |     3 |     6 ||     9
Armor: Robe              |    25 |    44 ||    69
Dodge: Dodged            |    63 |    58 ||   121
Block: Other             |       |     2 ||     2
